 Dungeon Crawl Stone Soup version 0.31-a0-844-gdc52ec4e09 (webtiles) character file.

Game seed: 16476310334139128842

2 Bravepunisher the Ducker (level 1, -10/11 HPs)
             Began as a Spriggan Monk on Sept 28, 2023.
             Mangled by an iguana (13 damage)
             ... on level 4 of the Dungeon.
             The game lasted 00:01:50 (364 turns).

Bravepunisher the Ducker (Spriggan Monk)             Turns: 364, Time: 00:01:51

Health: -10/11     AC:  2    Str:  7    XL:     1   Next: 33%
Magic:  2/2        EV: 18    Int: 11    God:
Gold:   13         SH:  0    Dex: 17    Spells: 0/0 levels left

rFire   . . .        a - +0 short sword
rCold   . . .        (no shield)
rNeg    . . .        b - +0 robe
rPois   .            (helmet restricted)
rElec   .            (no cloak)
rCorr   .            (gloves unavailable)
SInv    +            (boots unavailable)
Will    .....        (no amulet)
Stlth   ++           (no ring)
HPRegen 0.21/turn    (no ring)
MPRegen 0.08/turn

%: no passive effects
@: very quick
A: very small, no large weapons, unfitting armour, see invisible, speed 3
a: no special abilities


You were on level 4 of the Dungeon.
You visited 1 branch of the dungeon, and saw 5 of its levels.

You collected 13 gold pieces.

Inventory:

Hand Weapons
 a - a +0 short sword (weapon)
Armour
 b - a +0 robe (worn)
Wands
 g - a wand of polymorph (3)
Potions
 c - a potion of ambrosia


   Skills:
 * Level 2.5 Fighting
 - Level 3.2 Short Blades
 + Level 4.1 Dodging


You couldn't memorise any spells.
You didn't know any spells.
Your spell library was empty.

Dungeon Overview and Level Annotations

Branches:
Dungeon (5/15)
 Temple: D:4-7

Altars:
Elyvilon
Gozag
Qazlal
Vehumet
Wu Jian

Shops:
D:3 =   D:4 (


Innate Abilities, Weirdness & Mutations

You are very small and have problems with some larger weapons.
You are too small for most types of armour.
You have supernaturally acute eyesight. (SInv)
You cover ground extremely quickly. (Speed+++)


Message History

You hit the hobgoblin.
The hobgoblin is severely wounded.
The hobgoblin hits you.
You hit the hobgoblin but do no damage.
The hobgoblin is severely wounded.
The hobgoblin hits you.
You barely miss the hobgoblin.
The hobgoblin is severely wounded.
The hobgoblin completely misses you.
You barely miss the hobgoblin.
The hobgoblin is severely wounded.
The hobgoblin closely misses you.
You hit the hobgoblin.
You kill the hobgoblin!
You see here a hobgoblin corpse.
An endoplasm comes into view.
The endoplasm quivers.
The endoplasm attacks as it pursues you!
The endoplasm hits you but does no damage.
You open the door.
An iguana comes into view.
There is an open door here.
As you open the door, it creaks loudly!
Found 9 gold pieces.
There is an open door here.
Found 3 scrolls of identify.
Found a white marble altar of Elyvilon.
Found a radiant altar of Vehumet.
Found a stormy altar of Qazlal.
Found an opulent altar of Gozag.
Found an ornate altar of the Wu Jian Council.
The iguana misses you. The iguana attacks as it pursues you!
The iguana bites you!
Ouch! That really hurt!
* * * LOW HITPOINT WARNING * * *
A ball python comes into view.
The ball python hisses angrily.
The iguana bites you!
Ouch! That really hurt!
You die...

####### #.....# #.....#
#....S# #.....# #.....#
#.....# #############@....####
#..?..........l.......
#.........$.......###########
#.................#⌠###.#_#.##
#.................8.#.#.#.#..#
#............................#
#............................#
#.................8.#.#.#.#._#
#.................#_#_#_###8##


You could see an iguana and a ball python.

Vanquished Creatures
  A hobgoblin (D:4)
  A frilled lizard (D:2)
  A kobold (D:4)
3 creatures vanquished.

Notes
Turn   | Place    | Note
-------+----------+-------------------------------------------
     0 | D:1      | Bravepunisher the Spriggan Monk began the quest for the
                  | Orb.
     0 | D:1      | Reached XP level 1. HP: 11/11 MP: 2/2
    79 | D:3      | Found Idoan's Jewellery Boutique.
   175 | D:5      | Entered Level 5 of the Dungeon
   182 | D:5      | Noticed a hound
   194 | D:5      | Noticed a phantom
   256 | D:4      | Found Zuekka Rutu's Weapon Shop.
   315 | D:4      | Noticed an iguana
   330 | D:4      | Found a white marble altar of Elyvilon.
   338 | D:4      | Found a radiant altar of Vehumet.
   339 | D:4      | Found a stormy altar of Qazlal.
   340 | D:4      | Found an opulent altar of Gozag.
   341 | D:4      | Found an ornate altar of the Wu Jian Council.
   364 | D:4      | Mangled by an iguana

Illustrated notes

Levels and vault maps discovered:
D:1:      dpeg_arrival_stonehenge_12_columns, layout_basic,
          dreamdust_princess_bridge
D:2:      layout_basic, basic_altar, shapermc_ecumenical_altar_mp_urbaneastern,
          serial_shops, shop, nicolae_shop_waterfront, minivault_11,
          minmay_pentomino_s2
D:3:      layout_rooms, serial_shops, shop, shop, nicolae_shop_crystal,
          nicolae_shop_tiny_waterfront, hangedman_decor_growths
D:4:      layout_gridville, minitemple, lemuel_coloured_pillars_altar,
          temple_fountains, serial_shops, shop
D:5:      layout_loops_ring

Action                     || total
---------------------------++-------
  Melee: Short sword       ||     9
    Use: Scroll            ||     3
         Potion            ||     1
 Armour: Robe              ||    11
  Dodge: Dodged            ||     7

Table legend: (Time is in decaauts)
 A = Elapsed time spent in this place.
 B = Non-inter-level travel time spent in this place.
 C = Inter-level travel time spent in this place.
 D = Time resting spent in this place.
 E = Time spent auto-exploring this place.
 F = Levels seen in this place.
 G = Mean time per level.
                   A        B        C        D        E       F      G
               +--------+--------+--------+--------+--------+-----+--------+
         Total |    248 |    248 |      0 |     33 |     63 |   5 |   49.6 |
       Dungeon |    248 |    248 |      0 |     33 |     63 |   5 |   49.6 |
               +--------+--------+--------+--------+--------+-----+--------+

Top non-repeatable levels by time:
     D:4: 164 daAuts
     D:2: 37 daAuts
     D:5: 25 daAuts
     D:1: 14 daAuts
     D:3: 6 daAuts
